 Dungeon Crawl Stone Soup version 0.19-a0-1553-g64c24c3 (webtiles) character file.

450452 Alarkh the Necromancer (level 23, -3/165 HPs)
             Began as a Mummy Skald on Sept 14, 2016.
             Was the Champion of Okawaru.
             Slain by a caustic shrike (13 damage)
             ... on level 3 of the Depths.
             The game lasted 02:59:12 (60146 turns).

Alarkh the Necromancer (Mummy Skald)               Turns: 60146, Time: 02:59:13

Health: -3/165     AC: 27    Str: 17    XL:     23   Next: 18%
Magic:  0/47       EV: 17    Int: 22    God:    Okawaru [******]
Gold:   3764       SH: 16    Dex: 15    Spells: 9 memorised, 27 levels left

rFire  + . .     SeeInvis +     w - +10 scimitar "Kahat" {freeze, rElec}
rCold  + + .     Gourm    .     C - +4 moon troll leather armour {Spirit, Regen++ MP+5}
rNeg   + + +     Faith    +     K - +2 shield of Resistance {rF+ rC+ MR+}
rPois  ∞         Spirit   +     y - +2 hat {Int+3}
rElec  +         Dismiss  .     A - +2 cloak {+Inv}
rCorr  .         Reflect  .     N - +2 pair of gloves {Dex+3}
MR     +++..     Harm     .     I - +2 pair of boots {run}
Stlth  +.........               Q - amulet of faith
                                s - ring of Kuabbur {rF+ Slay+4 SInv}
                                p - +6 ring of protection

@: about to teleport, very slightly contaminated, repel missiles, quick
A: no food or potions, fire vulnerability, cold resistance 1, negative energy
resistance 3, torment resistance, unbreathing, in touch with death 1
a: Heroism, Finesse, Renounce Religion, Evoke Invisibility
}: 2/15 runes: decaying, serpentine


You were on level 3 of the Depths.
You worshipped Okawaru.
Okawaru was exalted by your worship.
You were not hungry.

You visited 9 branches of the dungeon, and saw 42 of its levels.
You also visited: Labyrinth, Ice Cave, Volcano and Wizlab.

You collected 5973 gold pieces.
You spent 2209 gold pieces at shops.

Inventory:

Hand Weapons
 a - a +9 double sword of freezing
 b - a +9 scimitar of flaming
 c - a +1 demon blade of venom
 w - the +10 scimitar "Kahat" (weapon) {freeze, rElec}
   (Okawaru gifted it to you on level 12 of the Dungeon)

   It has been specially enchanted to freeze those struck by it, causing extra
   injury to most foes and up to half again as much damage against particularly
   susceptible opponents.
   It can also slow down cold-blooded creatures.
   It insulates you from electricity.
 x - a +9 demon blade of electrocution
Missiles
 j - 6 throwing nets (quivered)
Armour
 m - a +1 pair of boots of flying
 u - the +0 pair of gloves "Gastalyodi" {rElec}
   (You acquired it on level 2 of the Depths)

   It insulates you from electricity.
 y - a +2 hat of intelligence (worn)
 A - a +2 cloak of invisibility (worn)
 C - the +4 moon troll leather armour (worn) {Spirit, Regen++ MP+5}
   (You took it off a moon troll in a wizard's laboratory)

   It affects your magic capacity (+5).
   It increases your rate of regeneration.
 I - a +2 pair of boots of running (worn)
 J - a +5 ring mail of fire resistance
 K - the +2 shield of Resistance (worn) {rF+ rC+ MR+}
   (You found it on level 13 of the Dungeon)

   It protects you from fire.
   It protects you from cold.
   It affects your resistance to hostile enchantments.
 N - a +2 pair of gloves of dexterity (worn)
Magical Staves
 n - an uncursed staff of energy
 X - an uncursed staff of air
Jewellery
 f - an uncursed ring of flight
 p - a +6 ring of protection (left hand)
 s - the ring of Kuabbur (right hand) {rF+ Slay+4 SInv}
   (You bought it in a shop on level 1 of the Snake Pit)

   [ring of slaying]

   It affects your accuracy and damage with ranged weapons and melee attacks
   (+4).
   It protects you from fire.
   It lets you see invisible.
 F - a +6 ring of protection
 M - an uncursed amulet of regeneration
 Q - an amulet of faith (around neck)
 T - an uncursed ring of teleportation
Wands
 h - a wand of disintegration (17/24)
 o - a wand of digging (1/24)
 r - a wand of hasting (5/9)
 t - a wand of heal wounds (5/9)
 G - a wand of digging (13/24)
 R - a wand of paralysis (16/24)
 Z - a wand of disintegration (17/24)
Scrolls
 d - 20 scrolls of remove curse
 e - 2 scrolls of identify
 g - a scroll of teleportation
 i - 2 scrolls of blinking
 k - 5 scrolls of magic mapping
 l - 3 scrolls of summoning
 q - 4 scrolls of fog
 z - 2 scrolls of torment
 D - 2 scrolls of silence
 E - 5 scrolls of recharging
 P - 8 scrolls of fear
 U - a scroll of amnesia
 V - 2 scrolls of brand weapon
Books
 H - Waane's Compendium of the Gliding Snowflakes
   (You found it in a wizard's laboratory)

   Spells                             Type                      Level
   a - Freeze                         Ice                          1
   b - Repel Missiles                 Charms/Air                   2
   c - Throw Frost                    Conjuration/Ice              2
   d - Throw Icicle                   Conjuration/Ice              4
   e - Metabolic Englaciation         Hexes/Ice                    5
   f - Bolt of Cold                   Conjuration/Ice              6
 L - Lehudib's Incunabulum of Mutagenic Clay
   (You found it in a wizard's laboratory)

   Spells                             Type                      Level
   a - Sticks to Snakes               Transmutation                2
   b - Leda's Liquefaction            Hexes/Earth                  4
   c - Lee's Rapid Deconstruction     Earth                        5
   d - Hydra Form                     Transmutation                6
   e - Lehudib's Crystal Spear        Conjuration/Earth            8
 W - a book of Necromancy

   Spells                             Type                      Level
   a - Pain                           Necromancy                   1
   b - Animate Skeleton               Necromancy                   1
   c - Vampiric Draining              Necromancy                   3
   d - Regeneration                   Charms/Necromancy            3
   e - Animate Dead                   Necromancy                   4
   f - Control Undead                 Necromancy                   4
Miscellaneous
 v - a crystal ball of energy
 B - a phial of floods
 O - a fan of gales
 S - a disc of storms


   Skills:
 - Level 10.1 Fighting
 - Level 16.0 Long Blades
 - Level 8.4 Armour
 - Level 8.1 Dodging
 + Level 15.2 Shields
 + Level 15.9 Spellcasting
 - Level 8.3 Charms
 - Level 11.0 Summonings
 * Level 18.4 Necromancy


You had 27 spell levels left.
You knew the following spells:

 Your Spells              Type           Power        Failure   Level  Hunger
a - Bolt of Draining      Conj/Necr      ######....   2%          5    N/A
b - Blink                 Tloc           N/A          10%         2    N/A
c - Spectral Weapon       Hex/Chrm       #####...     1%          3    N/A
d - Repel Missiles        Chrm/Air       #####.       1%          2    N/A
e - Aura of Abjuration    Summ           ######....   1%          5    N/A
f - Apportation           Tloc           ###.......   4%          1    N/A
h - Shroud of Golubria    Chrm/Tloc      #####.....   1%          2    N/A
r - Infusion              Chrm           ####         1%          1    N/A
z - Dispel Undead         Necr           #######.     1%          5    N/A

Dungeon Overview and Level Annotations

Branches:
Dungeon (15/15)            Temple (1/1) D:6            Lair (6/6) D:10
  Swamp (4/4) Lair:4        Snake (4/4) Lair:4        Slime (0/5) Lair:5
    Orc (2/2) D:11            Elf (3/3) Orc:2        Vaults (4/5) D:13
  Crypt (0/3) Vaults:3     Depths (3/5) D:15

Altars:
Ashenzari
Cheibriados
Dithmenos
Elyvilon
Fedhas
Gozag
Hepliaklqana
Kikubaaqudgha
Makhleb
Nemelex Xobeh
Okawaru
Qazlal
Ru
Sif Muna
Trog
Uskayaw
Vehumet
Xom
Yredelemnul
Zin
The Shining One
Beogh
Jiyva

Shops:
D:4 }   D:11 (   Orc:2 (=!%   Elf:2 ?:   Snake:1 }==   Vaults:3 !=   Depths:2 *

Portals:
Hell: Depths:1 Depths:2
Pandemonium: Depths:2 Depths:3
Ziggurat: Depths:2


Innate Abilities, Weirdness & Mutations

You do not eat or drink.
Your flesh is vulnerable to fire.
You are immune to poison.
Your flesh is cold resistant. (rC+)
You are immune to negative energy. (rN+++)
You are immune to unholy pain and torment.
You can survive without breathing.
You are in touch with the powers of death.


Message History

* * * LOW HITPOINT WARNING * * *
You are engulfed in flames.
You resist.
* * * LOW HITPOINT WARNING * * *
The salamander hits you but does no damage.
The salamander mystic closely misses you.
A boggart comes into view.
Blink to where?
Press: ? - help, Dir - move target cursor You are very lightly contaminated with residual magic.
As you read the scroll of blinking, it crumbles to dust.
The boggart shouts!
The boggart casts a spell.
There is an open door here.
The yaktaur hits you!
* * * LOW HITPOINT WARNING * * *
The yaktaur wields an arbalest.
The yaktaur shoots a bolt.
The bolt hits you.
* * * LOW HITPOINT WARNING * * *
The bolt dissolves into shadows!
The caustic shrike claws you!
You die...

≈≈≈≈≈##.# ≈.......§≈≈#≈≈≈......§
≈≈≈≈≈≈..# ≈§.8...8..§§#≈≈..8.§.8D
≈≈≈≈≈≈≈##≈.....)....§≈#≈.......ig
≈≈≈≈≈≈≈.#.....}8....§.#......8.§.
≈≈≈≈≈≈≈.#≈.c.c.....G.≈#≈.........
≈≈≈≈≈≈≈.#≈≈..8.NN8N.≈≈#§≈§§8...8.
≈≈≈≈≈≈#.#§≈§.§§....§≈≈#
≈≈≈≈≈##.#≈≈≈§cgN..≈≈≈≈#
≈≈≈≈###.#≈≈§§§c.@≈≈§§§#
≈≈≈≈##..#§≈≈§§≈.b≈≈≈§≈#
≈≈≈###..#######'#######
≈≈##....#§≈≈§≈≈.≈≈≈≈≈≈#§§≈§§≈.≈≈≈
≈###.#..#≈≈§≈§...≈≈≈≈§#§≈≈≈§...≈≈
##..[#..#§§§§§....≈≈≈≈#≈≈≈≈.....§
##.#.#..#≈≈≈.......≈≈≈#≈≈≈.......
))...#..#≈≈..8...8.C≈≈#≈≈..8...8.
####...##≈.....}.....≈#≈.........


You could see a caustic shrike, a great orb of eyes, a salamander mystic, 3
salamanders, 4 yaktaurs and a boggart.

Vanquished Creatures
  Vashnia (Snake:2)
  Bai Suzhen (Swamp:3)
  Nikola (Swamp:1)
  Jorgrun (Swamp:3)
  2 liches
  A tentacled monstrosity (Vaults:2)
  An Ice Fiend (IceCv)
  A moon troll (WizLab)
  A quicksilver dragon (WizLab)
  A deep elf blademaster (Elf:2)
  2 titans (Depths:2)
  3 tentacled starspawn (WizLab)
  Frances (Swamp:1)
  2 tengu reavers
  2 thorn hunters
  Roxanne (Snake:2)
  7 greater nagas (Snake:4)
  4 fire giants
  A cacodemon (WizLab)
  8 deep elf sorcerers
  Aizul (Snake:1)
  4 frost giants
  11 vault wardens
  3 deep elf elementalists
  A war gargoyle (WizLab)
  2 ghouls
  6 very ugly things
  12 ironheart preservers
  22 stone giants
  Nessos (Lair:4)
  Azrael (Snake:2)
  A green draconian (Depths:2)
  2 deep elf demonologists (Elf:3)
  A spark wasp (Depths:3)
  9 deep elf annihilators
  A crystal guardian (WizLab)
  2 merfolk impalers (Depths:3)
  7 deep elf death magi
  3 minotaurs
  14 fire dragons
  2 deep elf high priests
  5 ettins
  15 hydras
  8 vault guards
  9 yaktaur captains
  The ghost of epen the Martial Artist, a journeyman MfMo of Ru (D:11)
  9 great orbs of eyes
  Fannar (D:11)
  6 rakshasas
  24 naga warriors
  Harold (Lair:1)
  2 catoblepae
  Erolcha (D:10)
  11 ice dragons
  A hell beast (Depths:1)
  13 centaur warriors
  11 anacondas
  2 spriggan air magi (Depths:3)
  19 dancing weapons
  3 death knights
  16 ogre magi
  6 deep troll shamans
  2 tengu warriors
  3 vampire magi
  Urug (D:15)
  5 alligators
  18 naga sharpshooters
  4 orc high priests
  2 deep troll earth magi
  A spriggan berserker (Depths:2)
  A soul eater (Vaults:3)
  A sun demon (Depths:3)
  10 shock serpents
  A wretched star (WizLab)
  20 deep elf knights
  7 skeletal warriors
  A fire crab (Swamp:4)
  A hell knight (Depths:2)
  3 salamander mystics
  4 iron trolls
  2 shadow wraiths (Vaults:3)
  8 sea snakes (Snake:4)
  An orange crystal statue (WizLab)
  3 unseen horrors
  15 deep trolls
  3 flayed ghosts
  8 naga ritualists
  10 hill giants
  10 swamp dragons
  3 starcursed masses (WizLab)
  6 wizards
  14 deep elf archers
  4 shambling mangroves
  A torturous demonspawn (Depths:3)
  4 giant orange brains
  A tengu zombie (Vaults:2)
  45 ugly things
  3 phantasmal warriors (Vaults:4)
  7 lindwurms
  19 orc knights
  6 wolf spiders
  6 harpies
  A harpy (shapeshifter) (Vaults:1)
  3 griffons
  6 mana vipers
  A mana viper (shapeshifter) (Vaults:3)
  A shining eye (shapeshifter) (Elf:3)
  63 deep elf magi
  6 necromancers
  14 ironbrand convokers
  4 hornets
  A shadow dragon skeleton (D:15)
  A stone giant zombie (D:15)
  9 orc sorcerers
  8 cyclopes
  5 manticores
  A fire giant zombie (D:15)
  14 salamanders
  2 centaur zombies (D:13)
  A salamander (shapeshifter) (Depths:2)
  An ice statue (IceCv)
  6 elephants (Lair:6)
  16 vault sentinels
  A guardian serpent (shapeshifter) (Vaults:2)
  6 eyes of devastation (WizLab)
  52 black mambas
  19 naga magi
  7 guardian serpents
  A rust devil (Depths:1)
  6 torpor snails (Lair:6)
  A molten gargoyle (D:14)
  14 spiny frogs
  A gargoyle (D:14)
  A torpor snail (shapeshifter) (Elf:3)
  A human zombie (Vaults:2)
  17 freezing wraiths
  2 anaconda simulacra (IceCv)
  2 rime drakes (Lair:3)
  5 komodo dragons
  54 yaktaurs
  A tormentor (Depths:3)
  4 ice devils (IceCv)
  2 golden dragon simulacra (IceCv)
  2 tengu conjurers (Depths:2)
  A hellwing (Depths:3)
  12 trolls
  A meliai (D:13)
  A meliai (shapeshifter) (Vaults:4)
  Grinder (D:3)
  A tengu simulacrum (Depths:1)
  A polar bear (shapeshifter) (Depths:1)
  10 giant leeches
  10 slime creatures
  A two-headed ogre (shapeshifter) (Depths:3)
  21 two-headed ogres
  A small abomination (Elf:3)
  11 blink frogs
  2 human simulacra
  11 boulder beetles
  An ettin zombie (Vaults:3)
  8 bog bodies
  A minotaur skeleton (Lab)
  3 dire elephant simulacra (IceCv)
  A fire dragon skeleton (D:15)
  5 flying skulls (Depths:1)
  Sigmund (D:2)
  5 vampires
  A shadow (D:11)
  3 air elementals
  A large abomination (Elf:1)
  6 spriggans
  2 wyverns (D:13)
  4 wraiths
  2 wyverns (shapeshifter)
  13 water elementals
  3 basilisks
  11 fire bats
  3 fire elementals
  14 golden eyes (WizLab)
  51 yaks
  A hippogriff (shapeshifter) (Vaults:4)
  2 hungry ghosts
  A steam dragon (Swamp:4)
  20 vampire mosquitoes
  A chaos spawn (Depths:3)
  2 neqoxecs (WizLab)
  4 harpy simulacra (IceCv)
  8 mottled dragons
  12 hippogriffs
  An insubstantial wisp (Swamp:3)
  A hydra simulacrum (IceCv)
  9 wargs
  29 swamp worms
  61 nagas
  A soldier ant (D:12)
  2 iron troll simulacra (IceCv)
  8 water moccasins
  12 swamp drakes
  5 hell hounds
  9 porcupines
  An eye of draining (shapeshifter) (Depths:1)
  5 ice beasts
  5 sky beasts
  A necrophage (D:11)
  44 orc warriors
  2 phantoms
  A swamp drake (shapeshifter) (Vaults:1)
  An ettin simulacrum (IceCv)
  4 black bears
  23 wasps
  An eye of draining (D:13)
  5 boggarts
  54 ogres
  2 wolves (D:10)
  2 human skeletons
  12 crocodiles
  20 centaurs
  A big kobold (D:10)
  17 giant frogs
  3 elf zombies (Elf:1)
  4 earth elementals
  A wyvern skeleton (D:7)
  2 scorpions
  A boulder beetle zombie (Vaults:3)
  9 killer bees
  An orc simulacrum (Vaults:2)
  6 wights (D:12)
  2 howler monkeys
  6 electric eels
  2 jellies
  6 crimson imps
  4 draconian simulacra (IceCv)
  3 giant frog zombies
  2 lava snakes
  A quasit (D:15)
  Crazy Yiuf (D:7)
  6 centaur skeletons
  A wasp zombie (D:9)
  8 hounds
  19 orc priests
  20 orc wizards
  A giant frog skeleton (D:7)
  Jessica (D:2)
  9 iguanas
  7 worker ants
  A polar bear simulacrum (IceCv)
  3 troll simulacra (IceCv)
  5 centaur simulacra (IceCv)
  A hound zombie (D:8)
  2 hound skeletons
  A worker ant zombie (D:6)
  2 naga simulacra (IceCv)
  12 adders
  2 howler monkey skeletons (D:6)
  28 river rats
  4 ogre simulacra
  5 shadow imps
  5 white imps (IceCv)
  6 ufetubi (IceCv)
  An adder skeleton (D:4)
  4 worms
  A dart slug (D:1)
  7 giant geckos
  90 orcs
  8 giant cockroaches
  11 goblins
  8 hobgoblins
  17 jackals
  14 kobolds
  3 quokkas
  4 ball pythons
  10 bats
  4 frilled lizards
  A jackal skeleton (D:4)
  A quokka skeleton (D:6)
  A quokka zombie (D:7)
  5 rats
  3 crawling corpses (Elf:3)
  A plant (Lair:6)
  A starspawn tentacle (WizLab)
1951 creatures vanquished.

Vanquished Creatures (others)
  A deep elf high priest (Elf:3)
  A deep elf archer (Elf:3)
  A spriggan druid (Swamp:4)
  A guardian serpent (Snake:4)
  3 slime creatures (Swamp:4)
  2 nagas
  A swamp worm (Swamp:4)
  3 swamp drakes (Swamp:4)
  A boggart (Vaults:2)
  2 ufetubi (IceCv)
  A demonic plant (WizLab)
  6 fungi
  7 plants (Lair:6)
  141 spectral weapons
  3 starspawn tentacles (WizLab)
  A withered plant (D:15)
175 creatures vanquished.

Grand Total: 2126 creatures vanquished

Notes
Turn   | Place    | Note
-------+----------+-------------------------------------------
     0 | D:1      | Alarkh the Mummy Skald began the quest for the Orb.
     0 | D:1      | Reached XP level 1. HP: 16/16 MP: 3/3
   278 | D:1      | Reached XP level 2. HP: 20/22 MP: 1/5
   735 | D:2      | Reached XP level 3. HP: 26/27 MP: 0/6
   757 | D:2      | Learned a level 2 spell: Shroud of Golubria
   761 | D:2      | Learned a level 3 spell: Spectral Weapon
   973 | D:2      | Noticed Sigmund
  1242 | D:3      | Noticed Grinder
  1293 | D:4      | Reached XP level 4. HP: 26/33 MP: 2/7
  1316 | D:4      | Found Houst's Gadget Emporium.
  1410 | D:3      | Paralysed by Grinder for 2 turns
  1425 | D:3      | Killed Grinder
  1425 | D:3      | Reached skill level 5 in Long Blades
  1425 | D:3      | Reached XP level 5. HP: 34/38 MP: 6/8
  1425 | D:3      | Reached XP level 6. HP: 40/44 MP: 6/9
  1800 | D:2      | Killed Sigmund
  1800 | D:2      | Reached XP level 7. HP: 22/50 MP: 7/10
  1833 | D:2      | Noticed Jessica
  1844 | D:2      | Killed Jessica
  2434 | D:4      | Found a burning altar of Makhleb.
  2552 | D:4      | Found a basalt altar of Yredelemnul.
  2565 | D:4      | Found a radiant altar of Vehumet.
  2569 | D:4      | Found a deep blue altar of Sif Muna.
  2570 | D:4      | Found a glowing golden altar of the Shining One.
  2571 | D:4      | Found a snail-covered altar of Cheibriados.
  2574 | D:4      | Found a sparkling altar of Nemelex Xobeh.
  2707 | D:5      | Entered Level 5 of the Dungeon
  3654 | D:5      | Reached XP level 8. HP: 56/56 MP: 8/12
  3976 | D:6      | Found a staircase to the Ecumenical Temple.
  3984 | Temple   | Entered the Ecumenical Temple
  4253 | D:6      | Found an iron altar of Okawaru.
  4340 | D:6      | Became a worshipper of Warmaster Okawaru
  4884 | D:6      | Reached skill level 1 in Shields
  5220 | D:7      | Found a bloodstained altar of Trog.
  5240 | D:7      | Reached * piety under Okawaru
  5255 | D:7      | Got a polished buckler
  5266 | D:7      | Identified the cursed +0 buckler "Kottou" {rC+ Str+5 Dex-5} (You found it on level 7 of the Dungeon)
  5503 | D:7      | Noticed a cyclops
  5999 | D:7      | Killed a cyclops
  5999 | D:7      | Reached XP level 9. HP: 55/61 MP: 6/15
  6120 | D:7      | Found a hazy altar of Hepliaklqana.
  6234 | D:7      | Found a runed door.
  6349 | D:7      | Reached ** piety under Okawaru
  7110 | D:7      | Noticed Crazy Yiuf
  7123 | D:7      | Killed Crazy Yiuf
  7276 | D:8      | Got a shimmering chain mail
  7323 | D:8      | Identified the +7 chain mail of Sif Muna's Displeasure {rPois Str+7} (You found it on level 8 of the Dungeon)
  7453 | D:8      | Noticed a troll
  7463 | D:8      | Killed a troll
  7463 | D:8      | Reached skill level 5 in Spellcasting
  7463 | D:8      | Reached skill level 5 in Charms
  7511 | D:8      | Reached skill level 1 in Armour
  7707 | D:8      | Learned a level 2 spell: Repel Missiles
  7711 | D:8      | Reached skill level 1 in Dodging
  7871 | D:9      | Noticed a troll
  7890 | D:9      | Killed a troll
  7890 | D:9      | Reached *** piety under Okawaru
  7941 | D:9      | Reached XP level 10. HP: 54/68 MP: 4/17
  8366 | D:9      | Reached **** piety under Okawaru
  8777 | D:9      | HP: 3/71 [yak (6)]
  8803 | D:8      | HP: 2/71 [centaur/arrow (6)]
  9186 | D:8      | Reached skill level 10 in Long Blades
  9351 | D:10     | Entered Level 10 of the Dungeon
  9461 | D:10     | Noticed Erolcha
  9471 | D:10     | Killed Erolcha
  9471 | D:10     | Reached ***** piety under Okawaru
  9821 | D:10     | Found a staircase to the Lair.
 10254 | D:10     | Noticed a hill giant
 10274 | D:10     | Killed a hill giant
 10274 | D:10     | Reached XP level 11. HP: 78/78 MP: 3/18
 11109 | Lair:1   | Entered Level 1 of the Lair of Beasts
 11128 | Lair:1   | Noticed Harold
 11132 | Lair:1   | Reached skill level 5 in Shields
 11142 | Lair:1   | Reached skill level 5 in Fighting
 11163 | Lair:1   | Killed Harold
 11402 | Lair:2   | Found a labyrinth entrance.
 11416 | Lair:2   | Received a gift from Okawaru
 11450 | Lab      | Entered a labyrinth
 12163 | Lab      | Noticed a minotaur
 12177 | Lab      | Killed a minotaur
 12189 | Lab      | Got a brightly glowing shield
 12192 | Lab      | Identified a +1 rod of clouds (11/11) (You found it in a labyrinth)
 12204 | Lab      | Identified the +3 shield "Pipan" {rElec MR+} (You found it in a labyrinth)
 12210 | Lab      | Learned a level 5 spell: Aura of Abjuration
 13417 | Lair:2   | Reached ****** piety under Okawaru
 13417 | Lair:2   | Reached XP level 12. HP: 86/88 MP: 19/19
 13437 | Lair:2   | Noticed a seven-headed hydra
 13546 | Lair:2   | Reached skill level 5 in Armour
 13628 | Lair:2   | Reached skill level 1 in Summonings
 13719 | Lair:2   | Killed a one-headed hydra
 14301 | Lair:3   | Received a gift from Okawaru
 14670 | Lair:4   | Noticed Nessos
 14677 | Lair:4   | Killed Nessos
 15149 | Lair:4   | Found a staircase to the Snake Pit.
 15280 | Lair:4   | Reached skill level 5 in Dodging
 15290 | Lair:4   | Found a staircase to the Swamp.
 15515 | Lair:5   | Found a dark tunnel.
 15524 | Volcano  | Entered a volcano
 16655 | Lair:5   | Noticed a seven-headed hydra
 16663 | Lair:5   | Killed a two-headed hydra
 16663 | Lair:5   | Received a gift from Okawaru
 16663 | Lair:5   | Gained mutation: You are in touch with the powers of death. [Mummy growth]
 16663 | Lair:5   | Reached XP level 13. HP: 42/96 MP: 14/22
 16945 | Lair:5   | Found a viscous altar of Jiyva.
 16945 | Lair:5   | Found a staircase to the Slime Pits.
 17104 | Lair:6   | Entered Level 6 of the Lair of Beasts
 17730 | Lair:6   | Received a gift from Okawaru
 17920 | Lair:6   | Got a faintly glowing rapier
 17921 | Lair:6   | Identified the +5 rapier "Woyxoibu" {freeze, *Rage rElec Int+3 Dex+3} (You found it on level 6 of the Lair of Beasts)
 17967 | Lair:6   | Found a runed door.
 18003 | Lair:6   | Learned a level 2 spell: Blink
 18820 | D:11     | Noticed Fannar
 18841 | D:11     | Killed Fannar
 18948 | D:11     | Found a staircase to the Orcish Mines.
 19142 | D:11     | Received a gift from Okawaru
 19181 | D:11     | Found Boquroc's Antique Weapon Boutique.
 19191 | D:11     | Noticed epen's ghost (journeyman MfMo)
 19207 | D:11     | Killed epen's ghost
 19465 | Orc:1    | Entered Level 1 of the Orcish Mines
 19556 | Orc:1    | Found a roughly hewn altar of Beogh.
 19727 | Orc:1    | Reached XP level 14. HP: 66/105 MP: 5/24
 19885 | Orc:2    | Entered Level 2 of the Orcish Mines
 20383 | Orc:2    | Found a staircase to the Elven Halls.
 21053 | Orc:2    | Found Xuatados's Distillery.
 21053 | Orc:2    | Found Ohoclang's Food Boutique.
 21062 | Orc:2    | Found Dotipsya's Weapon Shoppe.
 21062 | Orc:2    | Found Axiepnol's Jewellery Boutique.
 21071 | Orc:2    | Bought a cursed amulet of inaccuracy for 30 gold pieces
 21795 | D:12     | Received a gift from Okawaru
 21798 | D:12     | Got a shimmering scimitar {god gift}
 21799 | D:12     | Identified the +10 scimitar "Kahat" {freeze, rElec} (Okawaru gifted it to you on level 12 of the Dungeon)
 22261 | D:13     | Found a gate to the Vaults.
 22269 | D:13     | Reached skill level 5 in Summonings
 22355 | D:13     | Found a runed door.
 22423 | D:13     | Found a runed door.
 23278 | D:14     | Received a gift from Okawaru
 23371 | D:14     | Reached XP level 15. HP: 105/113 MP: 27/27
 23928 | D:15     | Entered Level 15 of the Dungeon
 24039 | D:15     | Identified a scroll of acquirement
 24069 | D:15     | Found a staircase to the Depths.
 24787 | D:15     | Found a sparkling altar of Nemelex Xobeh.
 24803 | D:15     | Noticed Urug
 24821 | D:15     | Killed Urug
 25156 | D:15     | Received a gift from Okawaru
 25451 | D:15     | Identified the Tome of Helpful Displacement
 25454 | D:15     | Got a transparent plate armour
 25457 | D:15     | Identified the +9 plate armour of the Shining One's Fury {rF- Str+3 Dex+2} (You found it on level 15 of the Dungeon)
 25718 | D:15     | Learned a level 1 spell: Apportation
 25929 | Lair:2   | Got a scorched steel ring
 25933 | Lair:2   | Identified the ring of Ciochos {Ice rElec rN++ MR-} (You acquired it on level 2 of the Lair of Beasts)
 26002 | Snake:1  | Entered Level 1 of the Snake Pit
 26016 | Snake:1  | Found Moyfro's Jewellery Shoppe.
 26017 | Snake:1  | Found Beuhij's Gadget Boutique.
 26024 | Snake:1  | Received a gift from Okawaru
 26025 | Snake:1  | Found Fopnumur's Jewellery Shoppe.
 26041 | Snake:1  | Bought the ring of Kuabbur {rF+ Slay+4 SInv} for 1539 gold pieces
 26310 | Snake:1  | Noticed Aizul
 26319 | Snake:1  | Killed Aizul
 27150 | Snake:2  | Noticed Azrael
 27348 | Snake:2  | Killed Azrael
 27357 | Snake:2  | Noticed Vashnia
 27358 | Snake:2  | Reached XP level 16. HP: 95/122 MP: 23/29
 27628 | Snake:2  | Received a gift from Okawaru
 28675 | Snake:2  | Reached skill level 10 in Fighting
 28923 | Snake:2  | Noticed Roxanne
 29409 | Snake:2  | Killed Vashnia
 29409 | Snake:2  | Received a gift from Okawaru
 29644 | Snake:2  | Killed Roxanne
 29792 | Snake:1  | Bought an uncursed amulet of faith for 640 gold pieces
 30588 | Snake:3  | Received a gift from Okawaru
 30589 | Snake:3  | Got a slimy shortbow {god gift}
 30590 | Snake:3  | Identified the +10 shortbow of Victory {freeze, rPois} (Okawaru gifted it to you on level 3 of the Snake Pit)
 30859 | Snake:4  | Entered Level 4 of the Snake Pit
 30909 | Snake:4  | Received a gift from Okawaru
 31481 | Snake:4  | Reached skill level 10 in Spellcasting
 31484 | Snake:4  | Reached XP level 17. HP: 90/128 MP: 29/31
 32284 | Snake:4  | Reached skill level 15 in Long Blades
 32548 | Snake:4  | Received a gift from Okawaru
 32562 | Snake:4  | Reached skill level 10 in Shields
 32722 | Snake:4  | Received a gift from Okawaru
 33432 | Snake:4  | Received a gift from Okawaru
 33879 | Snake:4  | Got a serpentine rune of Zot
 34469 | Lair:2   | Learned a level 5 spell: Dispel Undead
 34475 | Lair:2   | Learned a level 5 spell: Bolt of Draining
 34559 | Swamp:1  | Entered Level 1 of the Swamp
 34609 | Swamp:1  | Found a frozen archway.
 34739 | IceCv    | Entered an ice cave
 35315 | IceCv    | Received a gift from Okawaru
 35394 | IceCv    | Noticed an Ice Fiend
 35410 | IceCv    | Killed an Ice Fiend
 35592 | IceCv    | Got a slimy glass ring
 35594 | IceCv    | Identified Naidgh's Collected Works on the Evil Snowflakes
 35600 | IceCv    | Got an encrusted great mace
 35638 | IceCv    | Identified a +0 pair of boots of running (You found it in an ice cave)
 35639 | IceCv    | Identified the ring of Qazlal's Castigation {rC++ rN+ Str+4} (You found it in an ice cave)
 35706 | Swamp:1  | Identified the +5 great mace of Massacring {drain, rElec Str+4} (You found it in an ice cave)
 35730 | Swamp:1  | Reached XP level 18. HP: 134/134 MP: 31/33
 35845 | Swamp:1  | Noticed Frances
 35854 | Swamp:1  | Killed Frances
 35877 | Swamp:1  | Got a twisted morningstar
 35878 | Swamp:1  | Identified the +1 morningstar of the Boiling Point {speed, +Rage rPois Int+4} (You found it on level 1 of the Swamp)
 35950 | Swamp:1  | Noticed Nikola
 35964 | Swamp:1  | Killed Nikola
 36942 | Swamp:2  | Reached skill level 1 in Necromancy
 37132 | Swamp:2  | Reached skill level 2 in Necromancy
 37460 | Swamp:3  | Noticed Jorgrun
 37470 | Swamp:3  | Killed Jorgrun
 37483 | Swamp:3  | Reached skill level 3 in Necromancy
 37687 | Swamp:3  | Received a gift from Okawaru
 37943 | Swamp:3  | Reached skill level 4 in Necromancy
 38221 | Swamp:3  | Noticed Bai Suzhen
 38260 | Swamp:3  | Killed Bai Suzhen
 38640 | Swamp:4  | Entered Level 4 of the Swamp
 38750 | Swamp:4  | Reached skill level 5 in Necromancy
 38764 | Swamp:4  | Got a polished leather armour
 38765 | Swamp:4  | Identified the +2 leather armour "Daigic" {rC+ Int-2 Slay+5} (You found it on level 4 of the Swamp)
 38928 | Swamp:4  | Received a gift from Okawaru
 39118 | Swamp:4  | Reached skill level 6 in Necromancy
 39604 | Swamp:4  | Got a shimmering scimitar {god gift}
 39605 | Swamp:4  | Identified the +4 scimitar "Lifebane" {slice, -Tele +Rage rElec rC+ Str+2} (Okawaru gifted it to you on level 4 of the Swamp)
 39871 | Swamp:4  | Got a decaying rune of Zot
 40122 | D:13     | Reached skill level 10 in Summonings
 40164 | Vaults:1 | Entered Level 1 of the Vaults
 40188 | Vaults:1 | Received a gift from Okawaru
 40846 | Vaults:1 | Reached XP level 19. HP: 89/140 MP: 31/35
 40909 | Vaults:1 | Reached skill level 7 in Necromancy
 41831 | Vaults:1 | Reached skill level 8 in Necromancy
 42115 | Vaults:1 | Received a gift from Okawaru
 42953 | Vaults:2 | Reached skill level 9 in Necromancy
 43673 | Vaults:2 | Received a gift from Okawaru
 43756 | Vaults:2 | Reached skill level 10 in Necromancy
 44323 | Vaults:2 | Found Jontyk's Magic Scroll Shop.
 44667 | Vaults:2 | Reached XP level 20. HP: 122/147 MP: 36/36
 45012 | Vaults:3 | Reached skill level 11 in Necromancy
 45367 | Vaults:3 | Found Mibly's Distillery.
 45391 | Vaults:3 | Received a gift from Okawaru
 45419 | Vaults:3 | Got a fine hat {god gift}
 45430 | Vaults:3 | Identified the +1 hat of Umewoc {rPois Str+4 SInv} (Okawaru gifted it to you on level 3 of the Vaults)
 45599 | Vaults:3 | Found a staircase to the Crypt.
 46252 | Vaults:3 | Found Kiseniu's Jewellery Emporium.
 46581 | Vaults:3 | Reached skill level 12 in Necromancy
 47596 | Vaults:4 | Received a gift from Okawaru
 47715 | Vaults:4 | Got a faintly glowing double sword {god gift}
 47722 | Vaults:4 | Identified the +0 double sword "Lehyan" {venom, *Corrode Int+6 Stlth-} (Okawaru gifted it to you on level 4 of the Vaults)
 48188 | Vaults:4 | Reached skill level 13 in Necromancy
 48893 | Vaults:4 | Received a gift from Okawaru
 49381 | Elf:1    | Entered Level 1 of the Elven Halls
 49398 | Elf:1    | Reached XP level 21. HP: 145/153 MP: 38/38
 49512 | Elf:1    | Identified Sif Muna's Collected Works on Darkness
 50259 | Elf:1    | Reached skill level 14 in Necromancy
 50414 | Elf:1    | Got a scorched scale mail
 50423 | Elf:1    | Identified the +2 scale mail "Toalilueff" {*Corrode MP+9 SInv} (You found it on level 1 of the Elven Halls)
 50606 | Elf:2    | Found Karph's Magic Scroll Shop.
 50613 | Elf:2    | Found Dogg's Book Boutique.
 50707 | Elf:2    | Found a runed gate.
 50707 | Elf:2    | Found a runed gate.
 50707 | Elf:2    | Found a runed gate.
 51014 | Elf:2    | Received a gift from Okawaru
 51020 | Elf:2    | Got a pair of smoking boots {god gift}
 51021 | Elf:2    | Identified the +2 pair of boots "Forget-Me-Not" {rPois} (Okawaru gifted it to you on level 2 of the Elven Halls)
 51648 | Elf:3    | Entered Level 3 of the Elven Halls
 51991 | Elf:2    | Reached skill level 15 in Necromancy
 53090 | Elf:3    | Received a gift from Okawaru
 53283 | Elf:3    | Got a smoking great sword {venom}
 53425 | Elf:3    | Got a sparkling ivory ring
 53432 | Elf:3    | Identified the ring "Coamn" {rElec rC+ Str-5 Dex+7 Slay+2} (You took it off a deep elf annihilator on level 3 of the Elven Halls)
 53564 | Elf:3    | Identified the Disquisition on Bewitchment and the Traveller
 53644 | Elf:3    | Identified the Tome of Arcane Weapons
 53655 | Elf:3    | Identified the Handbook of Cankerous Fire
 53722 | Elf:3    | Identified the +4 great sword of the Swamp {venom, rF+} (You took it off a deep elf sorcerer on level 3 of the Elven Halls)
 54092 | Depths:1 | Entered Level 1 of the Depths
 54092 | Depths:1 | Found a magical portal.
 54101 | WizLab   | Entered Lehudib's Moon Base
 54524 | WizLab   | Reached XP level 22. HP: 114/159 MP: 24/40
 54696 | WizLab   | Reached skill level 16 in Necromancy
 55228 | WizLab   | Reached skill level 15 in Spellcasting
 55313 | WizLab   | Received a gift from Okawaru
 56521 | WizLab   | Identified Waane's Compendium of the Gliding Snowflakes
 56571 | WizLab   | Identified Lehudib's Incunabulum of Mutagenic Clay
 56839 | Depths:1 | Got a pair of pitted boots
 56850 | Depths:1 | Identified the -5 pair of boots of Exclusion {rPois rCorr Str-4 Slay+3} (You acquired it on level 1 of the Depths)
 57163 | Depths:1 | Received a gift from Okawaru
 57211 | Depths:1 | Found a gateway to Hell.
 57913 | Depths:2 | Reached skill level 17 in Necromancy
 58068 | Depths:2 | Received a gift from Okawaru
 58081 | Depths:2 | Got a pair of shimmering gloves
 58092 | Depths:2 | Identified the +0 pair of gloves "Gastalyodi" {rElec} (You acquired it on level 2 of the Depths)
 58561 | Depths:2 | Got an encrusted scale mail
 58562 | Depths:2 | Identified the +3 scale mail of the Desolation of Salt {rC- Regen+ MP+9 Str-4} (You found it on level 2 of the Depths)
 58675 | Depths:2 | Found a one-way gate leading to the halls of Pandemonium.
 58700 | Depths:2 | Found Tydiv's Assorted Antiques.
 58748 | Depths:2 | Reached skill level 15 in Shields
 58983 | Depths:2 | Found a gateway to a ziggurat.
 59005 | Depths:2 | Received a gift from Okawaru
 59262 | Depths:3 | Reached skill level 18 in Necromancy
 59331 | Depths:3 | Reached XP level 23. HP: 122/165 MP: 24/42
 59744 | Depths:3 | Received a gift from Okawaru
 60129 | Depths:3 | Noticed a caustic shrike
 60137 | Depths:3 | Paralysed by a giant eyeball for 4 turns
 60146 | Depths:3 | Slain by a caustic shrike

Vault maps used:
D:1:      minmay_arrival_five_plusses, minmay_misc_feat_doors, grunt_decor_cap
D:2:      uniq_jessica, uniq_sigmund
D:3:      minmay_joined_circles, uniq_grinder
D:4:      bloody_makhleb, minitemple, kennysheep_mini_moat, serial_shops, shop
D:5:      first_bread
D:6:      okawaru_metal_pillars_3
D:7:      old_standard_altar, trog_ov_bears_minmay, hangedman_decor_slide_cut,
          uniq_crazy_yiuf_cottage
D:10:     erik_lair_island, grunt_decor_fettered, uniq_erolcha
D:11:     hiddenorc1_lemuel, serial_shops, shop, uniq_fannar
D:13:     lightli_vaults_fourway_checkpoint, grunt_pizzeria,
          minmay_guarded_unrand_resistance
D:14:     dragon1_lemuel, grunt_ministairs_1
D:15:     gammafunk_depths_entry_grave, basic_altar, minmay_lindwurm_lava,
          uniq_urug
Temple:   minmay_temple_curvy_loop
Lair:1:   uniq_harold
Lair:2:   lab_entry_generic, nicolae_quartered_pool_little,
          infiniplex_staircase_pool
Lair:3:   grunt_megastairs_3, infiniplex_staircase_pool_2
Lair:4:   nicolae_swamp_entry_splash_gauntlet,
          minmay_snake_entry_guardpost_large, uniq_nessos
Lair:5:   slime_altar_1, nicolae_volcano_entry_s_turn, serial_bayou_shore_b
Lair:6:   wormcave
Swamp:1:  portal_ice_cave_entry_pillars_1, evilmike_swamp_ruin_house_2,
          uniq_frances, uniq_nikola
Swamp:2:  evilmike_swamp_ruin_rubble_1, swamp_pool1
Swamp:3:  evilmike_swamp_ruin_house_6, swamp_pool5, uniq_jorgrun,
          uniq_bai_suzhen
Swamp:4:  swamp_fiery
Snake:1:  minmay_shop_grove, uniq_aizul
Snake:2:  grunt_ministairs_1, hangedman_snake_pattern, basic_stair_grate_trap,
          uniq_azrael, uniq_roxanne, uniq_vashnia
Snake:4:  grunt_snake_rune_pools, grunt_megastairs_1
Orc:1:    basic_altar
Orc:2:    grunt_orc_tribal_feast
Elf:1:    minmay_elf_arrival_plus, serial_sigils, serial_sigils_hangedman_leer,
          serial_sigils_hangedman_etch, serial_sigils_hangedman_gnaw,
          serial_sigils_hangedman_gut, minmay_elf_necromancy,
          kilobyte_mutagenic_chamber
Elf:2:    nicolae_elf_stone_circles, minmay_shoptagon, lemuel_elevator
Elf:3:    minmay_elf_hall_dome
Vaults:1: st_lines, v_misc_27, v_misc_30, vaults_mumra_chevron_long,
          vaults_room_hallway, v_alt_pattern_1, v_misc_17,
          ontoclasm_vaults_fault, hangedman_vaults_nails, v_misc_15,
          grunt_vaults_swirl, nicolae_vaults_rhombus_7,
          nicolae_vaults_little_squares_3, nicolae_vaults_gold_heap, v_misc_12,
          vaults_dpeg_diagonal
Vaults:2: ontoclasm_vaults_pinch, nicolae_vaults_c_with_doors, v_rooms_2,
          nicolae_vaults_little_squares_2, hangedman_vaults_cutoff,
          hangedman_vaults_capsules, vaults_room_ringed_pool, vaults_mumra_hex,
          hangedman_vaults_nails, hangedman_vaults_hat, grunt_vaults_bifocal,
          ontoclasm_vaults_idyll, ontoclasm_vaults_shuriken, serial_shops,
          nicolae_shop_trees
Vaults:3: minmay_crypt_entry_simple_walls, nicolae_vaults_little_ls,
          ontoclasm_vaults_eye, hangedman_vaults_cutoff, v_misc_30, v_misc_27,
          hangedman_vaults_pinch, nicolae_vaults_mini_display_case,
          vaults_room_mumra_shop_pool, vaults_dpeg_ring, v_misc_22,
          serial_shops, shop
Vaults:4: v_rooms_3, vaults_dpeg_encased_lava, hangedman_vaults_stagger,
          ontoclasm_vaults_ring_large, ontoclasm_vaults_decontamination,
          nicolae_vaults_quadrants, nicolae_vaults_what_the_h, v_misc_4,
          ontoclasm_vaults_gateway, nicolae_vaults_ring_of_whatevers,
          vaults_room_door_ring, v_alt_pattern_4, nicolae_vaults_rhombus_7,
          grunt_vaults_hallway_long
Depths:1: kennysheep_pointless_box, grunt_mini_vestibule,
          infiniplex_enter_wizlab_water, minmay_misc_feat_pillars,
          lemuel_flamethrower_2, serial_bayou_shore_a
Depths:2: hangedman_six_sided_sadism, enter_ziggurat_a, pan_entry, hell_entry,
          hangedman_decor_lopped, serial_shops, nicolae_shop_behind_doors,
          roderic_bipointed_swastika, minmay_staircase_statues
Depths:3: kennysheep_four_of_diamonds, rand_demon_pan_entry_9,
          hangedman_geh_valley, hangedman_decor_diamond_cutter,
          kennysheep_generic_room_9
Lab:      labyrinth_spiral, labyrinth_skeletal_remains, nicolae_lab_diamond,
          lab_fountain
IceCv:    ice_cave_caverns_02
Volcano:  volcano_pools
WizLab:   wizlab_lehudib

Skill      XL: |  1  2  3  4  5  6  7  8  9 10 11 12 13 14 15 16 17 18 19 20 21 22 |
---------------+-------------------------------------------------------------------+-----
Long Blades    | 2 3 5 6 7 8 9 10 11 12 13 14 15 16 | 16.0
Charms         | 3 4 5 6 7 8 |  8.3
Spellcasting   | 3 4 5 6 7 8 9 10 11 12 13 14 15 | 15.9
Shields        | 2 3 4 5 6 7 8 9 10 11 12 13 14 15 | 15.2
Armour         | 1 3 4 5 6 7 8 |  8.4
Dodging        | 1 3 4 5 6 7 8 |  8.1
Fighting       | 4 6 7 8 9 10 | 10.1
Summonings     | 2 4 5 6 7 8 10 11 | 11.0
Necromancy     | 6 10 13 15 18 | 18.4

Action                   |  1- 3 |  4- 6 |  7- 9 | 10-12 | 13-15 | 16-18 | 19-21 | 22-24 || total
-------------------------+-------+-------+-------+-------+-------+-------+-------+-------++-------
Melee: Falchion          |   136 |    29 |       |       |       |       |       |       ||   165
       Long sword        |       |    57 |   649 |   108 |       |       |       |       ||   814
       Scimitar          |       |       |       |   289 |    39 |   364 |       |     7 ||   699
       Double sword      |       |       |       |   374 |  1125 |  1138 |  1706 |   900 ||  5243
       Demon blade       |       |       |       |       |    37 |       |       |       ||    37
 Cast: Infusion          |    11 |     5 |    22 |     2 |     1 |     1 |     1 |     1 ||    44
       Spectral Weapon   |       |     2 |    33 |    50 |   103 |   140 |   129 |    59 ||   516
       Shroud of Golubri |       |       |    11 |     6 |     9 |     7 |     3 |     1 ||    37
       Repel Missiles    |       |       |     1 |     6 |     3 |    20 |     5 |     4 ||    39
       Blink             |       |       |       |       |     1 |       |       |       ||     1
       Aura of Abjuratio |       |       |       |       |     1 |     1 |    15 |     8 ||    25
       Bolt of Draining  |       |       |       |       |       |       |    31 |    18 ||    49
       Apportation       |       |       |       |       |       |       |     1 |       ||     1
       Dispel Undead     |       |       |       |       |       |       |       |     4 ||     4
Invok: Heroism           |       |       |     1 |     2 |     6 |    11 |    10 |     3 ||    33
       Finesse           |       |       |       |       |     1 |     2 |     2 |     1 ||     6
 Abil: Evoke Flight      |       |       |       |     1 |     4 |     5 |       |       ||    10
       Stop Flying       |       |       |       |       |     1 |       |       |       ||     1
Evoke: Wand              |       |       |       |     1 |     1 |       |       |       ||     2
  Use: Scroll            |     2 |       |     9 |    21 |    14 |    19 |    17 |    18 ||   100
 Stab: Sleeping          |       |       |     1 |     3 |       |       |       |     1 ||     5
       Distracted        |       |       |       |     4 |     5 |    15 |    16 |    14 ||    54
Armor: Leather armour    |    39 |    28 |       |    19 |   226 |    18 |       |       ||   330
       Robe              |       |       |   265 |   142 |       |       |       |       ||   407
       Ring mail         |       |       |       |    10 |    61 |   414 |   306 |    14 ||   805
       Troll leather arm |       |       |       |       |       |       |       |   217 ||   217
Dodge: Dodged            |    82 |    28 |   274 |   326 |   408 |   551 |   427 |   332 ||  2428
       Deflected         |       |       |       |     9 |    21 |    49 |    60 |    21 ||   160
Block: Buckler           |       |       |    88 |    93 |       |       |       |       ||   181
       Shield            |       |       |       |   196 |   555 |   833 |   720 |   519 ||  2823
